Map: Tourmaline LE

Players

Sage - Winner!

  • Race: Protoss Protoss
  • Spawn Location: 7:00

HoldTheDoor

  • Race: Protoss Protoss
  • League: Diamond
  • Spawn Location: 1:00

VOD

Have the link to the VOD?

Description

Time

  • Played on: May 17, 2026, 11:32 a.m.
  • Length: 5:34
Show
View Real Time Build Order
Export as new Build Order

Sage Protoss - Winner!

Build Orders:  

Get SALT Encoding   

  12  0:02  Probe  
  13  0:15  Pylon  
  13  0:20  Assimilator  
  13  0:24  Probe  
  14  0:36  Probe  
  14  0:41  Gateway  
  15  0:44  Probe  
  16  0:54  Assimilator  
  16  1:04  Probe  
  17  1:17  Probe  
  18  1:23  Gateway  
  18  1:38  Zealot  
  19  1:56  Cybernetics Core  
  19  2:18  Pylon  
  19  2:25  Warp Gate  
  19  2:28  Stalker  
  19  2:32  Gateway  
  21  2:38  Probe  
  22  2:50  Probe  
  23  2:57  Stalker  
  26  3:05  Probe  
  26  3:10  Pylon  
  26  3:17  Probe  
  27  3:20  Stalker  
  29  3:29  Probe  
  30  3:40  Gateway  
  30  3:46  Probe  
  31  3:58  Robotics Facility  
  31  4:00  Pylon, Shield Battery  
  31  4:03  Shield Battery  
  31  4:15  Stalker  
  33  4:20  Stalker  
  35  4:38  Zealot  
  37  4:49  Stalker  
  37  4:50  Zealot  
  35  5:02  Stalker  
  35  5:10  Zealot  
  35  5:14  Gateway  
  37  5:19  Shield Battery  
  33  5:25  Zealot  
  33  5:30  Zealot  
Show
View Real Time Build Order
Export as new Build Order

HoldTheDoor Protoss 

Build Orders:  

Get SALT Encoding   

  12  0:00  Probe  
  13  0:12  Probe  
  14  0:18  Pylon  
  14  0:24  Probe  
  15  0:36  Probe  
  15  0:41  Forge  
  16  0:48  Probe  
  17  0:58  Pylon  
  17  1:03  Probe  
  18  1:13  Pylon  
  18  1:18  Photon Cannon  
  18  1:19  Pylon  
  18  1:31  Photon Cannon  
  18  1:50  Pylon  
  17  1:56  Probe  
  18  2:02  Assimilator  
  18  2:07  Gateway  
  18  2:08  Probe  
  18  2:09  Assimilator  
  19  2:30  Probe  
  19  2:31  Gateway  
  20  2:42  Probe  
  21  2:53  Photon Cannon  
  21  2:54  Probe  
  21  2:55  Cybernetics Core  
  22  3:06  Probe  
  22  3:07  Pylon  
  23  3:18  Probe  
  24  3:30  Probe  
  24  3:31  Stalker x2  
  29  3:39  Shield Battery  
  29  3:41  Stargate  
  29  3:45  Probe  
  29  3:47  Pylon  
  30  3:50  Warp Gate  
  30  4:01  Pylon  
  30  4:02  Stalker  
  30  4:05  Sentry  
  34  4:15  Oracle  
  34  4:19  Pylon  
Tags
 
League
Diamond
Matchup
PvP
Replay Pack
SC2Mai2026
Spawn Locations
Cross Positions
Add a new tag
Caveats
  • Supply blocks, unpowered buildings, or Contaminate may cause inaccurate times.
  • Supply counts are checked every 10 seconds.